| Goals | Penalties |
1. Admirals , Dmitri Voronkov 22 (Bobby McMann 15, Tye Kartye 26) at 7:30 (PP)
2. Admirals , Josh Leivo 16 (Dmitri Voronkov 32, Declan Chisholm 4) at 7:46
3. Admirals , Adam Ruzicka 12 (Josh Leivo 20, Dmitri Voronkov 33) at 18:16
|
Martin Frk (TOR) for Holding (Minor) at 7:16
|
No Goal
|
Bobby McMann (NAS) for Tripping (Minor) at 5:32
|
4. Admirals , Axel Jonsson-Fjallby 9 (Justin Barron 15, Tye Kartye 27) at 1:04
5. Admirals , Bobby McMann 13 (Axel Jonsson-Fjallby 10, Justin Barron 16) at 6:37
6. Marlies , Jujhar Khaira 12 (Saku Maenalanen 24) at 8:11
|
Martin Frk (TOR) for Slashing (Minor) at 1:07 Adam Ginning (NAS) for Close Hand On Puck (Minor) at 5:22 Jujhar Khaira (TOR) for Tripping (Minor) at 5:50 Brandt Clarke (NAS) for Tripping (Minor) at 9:22 Arturs Silovs (TOR) for Slashing (Double Minor) at 14:45 - Jake Lucchini served the penalty
|
|
Ivan Prosvetov (NAS), 25 saves from 26 shots - (0,962), W, 2-0-0, 60:00 minutes
Arturs Silovs (TOR), 27 saves from 32 shots - (0,844), L, 7-6-4, 60:00 minutes
|
|
1 - Dmitri Voronkov (NAS)
2 - Josh Leivo (NAS)
3 - Axel Jonsson-Fjallby (NAS)
|
Referees : Amanda Tasson and Marc Joannette
Linesman : Kilian McNamara and Daniel Negreanu
|
|
7:30 of 1st period - Admirals goal is going for a video replay. After video review, Goal.
|
| Team Name |
Goals |
Shots |
Shots Attemp |
Shots Blocked |
PIM |
HIT |
PP |
PK |
FO% |
| Admirals |
5 | 32 | 58 | 7 | 6 | 20 | 1 / 4 (25%) | 0 | 45% |
| Marlies |
1 | 26 | 43 | 9 | 10 | 32 | 0 / 3 (0%) | 1 | 55% |
Admirals
| Player Name |
POS |
G |
A |
P |
+/- |
PIM |
HIT |
SHT |
SB |
MP |
PP MP |
PP SHT |
PK MP |
PK SHT |
FO% |
FOT |
GA |
TA |
| Adam Ginning | D | 0 | 0 | 0 | 0 | 2 | 0 | 0 | 1 | 12:53 | 0:30 | 0 | 0:00 | 0 | 0% |
0 | 0 | 0 |
| Adam Ruzicka | C/LW | 1 | 0 | 1 | 2 | 0 | 1 | 3 | 2 | 19:41 | 2:57 | 0 | 1:33 | 0 | 53% |
17 | 0 | 0 |
| Alex Petrovic | D | 0 | 0 | 0 | 2 | 0 | 0 | 2 | 0 | 19:58 | 2:51 | 0 | 1:53 | 0 | 0% |
0 | 0 | 1 |
| Axel Jonsson-Fjallby | LW | 1 | 1 | 2 | 1 | 0 | 1 | 2 | 0 | 17:59 | 2:28 | 0 | 1:08 | 0 | 0% |
0 | 0 | 1 |
| Bobby McMann | LW/RW | 1 | 1 | 2 | 1 | 2 | 1 | 3 | 0 | 18:44 | 3:19 | 1 | 0:32 | 0 | 0% |
0 | 1 | 0 |
| Brandt Clarke | D | 0 | 0 | 0 | 0 | 2 | 0 | 1 | 1 | 12:15 | 0:04 | 0 | 0:00 | 0 | 0% |
0 | 0 | 0 |
| Colton Poolman | D | 0 | 0 | 0 | 0 | 0 | 0 | 0 | 0 | 0:00 | 0:00 | 0 | 0:00 | 0 | 0% |
0 | 0 | 0 |
| Declan Chisholm | D | 0 | 1 | 1 | 2 | 0 | 0 | 2 | 0 | 19:58 | 2:51 | 0 | 1:53 | 0 | 0% |
0 | 0 | 0 |
| Dmitri Voronkov | C/LW/RW | 1 | 2 | 3 | 2 | 0 | 1 | 7 | 0 | 23:19 | 2:53 | 2 | 2:39 | 0 | 63% |
16 | 2 | 0 |
| Josh Leivo | LW/RW | 1 | 1 | 2 | 2 | 0 | 3 | 1 | 0 | 23:00 | 2:31 | 0 | 2:39 | 0 | 0% |
1 | 1 | 0 |
| Justin Barron | D | 0 | 2 | 2 | 1 | 0 | 1 | 0 | 0 | 27:34 | 3:45 | 0 | 2:33 | 0 | 0% |
0 | 1 | 1 |
| Kole Lind | RW | 0 | 0 | 0 | 0 | 0 | 2 | 1 | 0 | 16:02 | 0:50 | 0 | 0:00 | 0 | 0% |
2 | 2 | 0 |
| Lucas Johansen | D | 0 | 0 | 0 | 0 | 0 | 0 | 0 | 0 | 1:16 | 0:00 | 0 | 0:00 | 0 | 0% |
0 | 0 | 0 |
| Parker Wotherspoon | D | 0 | 0 | 0 | 1 | 0 | 3 | 1 | 1 | 27:34 | 3:45 | 0 | 2:33 | 0 | 0% |
0 | 1 | 1 |
| Raphael Lavoie | C/RW | 0 | 0 | 0 | 0 | 0 | 1 | 4 | 2 | 15:39 | 0:03 | 0 | 0:00 | 0 | 25% |
4 | 0 | 0 |
| Shane Wright | C | 0 | 0 | 0 | 0 | 0 | 0 | 0 | 0 | 2:50 | 0:50 | 0 | 0:14 | 0 | 0% |
0 | 0 | 0 |
| Tye Kartye | C/LW | 0 | 2 | 2 | 0 | 0 | 4 | 3 | 0 | 18:42 | 2:53 | 0 | 0:00 | 0 | 33% |
15 | 1 | 0 |
| Vasily Podkolzin | LW/RW | 0 | 0 | 0 | 0 | 0 | 2 | 2 | 0 | 16:36 | 0:50 | 0 | 0:07 | 0 | 0% |
0 | 0 | 0 |
Marlies
| Player Name |
POS |
G |
A |
P |
+/- |
PIM |
HIT |
SHT |
SB |
MP |
PP MP |
PP SHT |
PK MP |
PK SHT |
FO% |
FOT |
GA |
TA |
| Alec Regula | D | 0 | 0 | 0 | 0 | 0 | 2 | 0 | 1 | 21:53 | 1:27 | 0 | 3:16 | 0 | 0% |
0 | 0 | 0 |
| Brad Richardson | C | 0 | 0 | 0 | 1 | 0 | 2 | 2 | 1 | 12:47 | 0:00 | 0 | 3:15 | 0 | 67% |
6 | 0 | 0 |
| Brett Seney | C/LW | 0 | 0 | 0 | 0 | 0 | 0 | 0 | 0 | 11:13 | 0:00 | 0 | 1:58 | 0 | 0% |
0 | 0 | 1 |
| Dillon Heatherington | D | 0 | 0 | 0 | -1 | 0 | 4 | 1 | 1 | 20:18 | 0:00 | 0 | 2:51 | 0 | 0% |
0 | 0 | 0 |
| Dominic Toninato | C | 0 | 0 | 0 | -2 | 0 | 1 | 2 | 0 | 12:29 | 0:00 | 0 | 1:36 | 0 | 43% |
7 | 0 | 0 |
| Filip Cederqvist | LW/RW | 0 | 0 | 0 | 0 | 0 | 0 | 0 | 0 | 9:10 | 0:00 | 0 | 0:00 | 0 | 0% |
0 | 0 | 0 |
| Greg McKegg | C/LW | 0 | 0 | 0 | -2 | 0 | 1 | 2 | 0 | 12:29 | 0:00 | 0 | 1:36 | 0 | 0% |
0 | 0 | 0 |
| Jake Lucchini | C/LW/RW | 0 | 0 | 0 | -1 | 0 | 2 | 2 | 0 | 16:11 | 1:49 | 0 | 0:16 | 0 | 0% |
1 | 2 | 0 |
| Jonah Gadjovich | LW/RW | 0 | 0 | 0 | -1 | 0 | 3 | 5 | 2 | 15:32 | 2:37 | 0 | 1:01 | 0 | 100% |
1 | 1 | 0 |
| Joseph Duszak | D | 0 | 0 | 0 | -1 | 0 | 6 | 0 | 2 | 20:09 | 2:59 | 0 | 0:56 | 0 | 0% |
0 | 0 | 1 |
| Jujhar Khaira | C/LW | 1 | 0 | 1 | 0 | 2 | 2 | 2 | 0 | 15:44 | 1:48 | 0 | 0:00 | 0 | 44% |
16 | 0 | 0 |
| Lassi Thomson | D | 0 | 0 | 0 | -2 | 0 | 1 | 0 | 0 | 15:54 | 1:27 | 0 | 0:33 | 0 | 0% |
0 | 0 | 1 |
| Martin Frk | RW | 0 | 0 | 0 | -1 | 4 | 1 | 1 | 0 | 13:25 | 0:00 | 0 | 0:00 | 0 | 0% |
0 | 0 | 0 |
| Nikita Alexandrov | C | 0 | 0 | 0 | -1 | 0 | 1 | 3 | 0 | 17:00 | 2:37 | 1 | 0:00 | 0 | 55% |
20 | 1 | 1 |
| Patrick Brown | C/RW | 0 | 0 | 0 | -1 | 0 | 2 | 3 | 1 | 16:23 | 1:49 | 0 | 0:20 | 0 | 100% |
4 | 0 | 0 |
| Ronnie Attard | D | 0 | 0 | 0 | 0 | 0 | 2 | 0 | 0 | 24:26 | 2:59 | 0 | 3:16 | 0 | 0% |
0 | 0 | 2 |
| Saku Maenalanen | LW/RW | 0 | 1 | 1 | 0 | 0 | 2 | 1 | 1 | 19:23 | 2:37 | 0 | 3:18 | 0 | 0% |
0 | 0 | 2 |
| Tommy Miller | D | 0 | 0 | 0 | -2 | 0 | 0 | 2 | 0 | 17:20 | 0:00 | 0 | 2:28 | 0 | 0% |
0 | 0 | 1 |
Admirals
| 5 vs 5 Forward |
|---|
| Line # | Left Wing | Center | Right Wing | PHY | DF | OF | Wanted % | Time % | Time Play |
| 1 | Josh Leivo | Adam Ruzicka | Dmitri Voronkov | 1 | 2 | 2 | 35 | 32% | 15:09
|
| 2 | Axel Jonsson-Fjallby | Tye Kartye | Bobby McMann | 1 | 2 | 2 | 35 | 32% | 15:01
|
| 3 | Vasily Podkolzin | Raphael Lavoie | Kole Lind | 1 | 2 | 2 | 20 | 32% | 15:05
|
| 4 | Tye Kartye | Dmitri Voronkov | Josh Leivo | 1 | 2 | 2 | 10 | 5% | 2:08
|
| 5 vs 5 Defense |
|---|
| Line # | Defense | Defense | | PHY | DF | OF | Wanted % | Time % | Time Play |
| 1 | Justin Barron | Parker Wotherspoon | | 1 | 2 | 2 | 40 | 37% | 17:37
|
| 2 | Declan Chisholm | Alex Petrovic | | 1 | 2 | 2 | 30 | 33% | 15:40
|
| 3 | Brandt Clarke | Adam Ginning | | 1 | 2 | 2 | 20 | 25% | 11:54
|
| 4 | Justin Barron | Parker Wotherspoon | | 1 | 2 | 2 | 10 | 5% | 2:12
|
| Power Play Forward |
|---|
| Line # | Left Wing | Center | Right Wing | PHY | DF | OF | Wanted % | Time % | Time Play |
| 1 | Tye Kartye | Dmitri Voronkov | Bobby McMann | 1 | 2 | 2 | 60 | 50% | 3:20
|
| 2 | Axel Jonsson-Fjallby | Adam Ruzicka | Josh Leivo | 1 | 2 | 2 | 40 | 50% | 3:20
|
| Power Play Defense |
|---|
| Line # | Defense | Defense | | PHY | DF | OF | Wanted % | Time % | Time Play |
| 1 | Justin Barron | Parker Wotherspoon | | 1 | 2 | 2 | 60 | 56% | 3:45
|
| 2 | Declan Chisholm | Alex Petrovic | | 1 | 2 | 2 | 40 | 44% | 2:55
|
| Penalty Kill 4 Players Forward |
|---|
| Line # | Center | Wing | PHY | DF | OF | Wanted % | Time % | Time Play |
| 1 | Dmitri Voronkov | Josh Leivo | 1 | 2 | 2 | 60 | 83% | 3:42
|
| 2 | Adam Ruzicka | Bobby McMann | 1 | 2 | 2 | 40 | 17% | 0:44
|
| Penalty Kill 4 Players Defense |
|---|
| Line # | Defense | Defense | PHY | DF | OF | Wanted % | Time % | Time Play |
| 1 | Justin Barron | Parker Wotherspoon | 1 | 2 | 2 | 60 | 58% | 2:33
|
| 2 | Declan Chisholm | Alex Petrovic | 1 | 2 | 2 | 40 | 42% | 1:53
|
| Penalty Kill 3 Players |
|---|
| Line # | Wing | PHY | DF | OF | Wanted % | Time % | Time Play | Defense | Defense | PHY | DF | OF | Wanted % | Time % | Time Play |
| 1 | Dmitri Voronkov | 1 | 2 | 2 | 60 | 0% | 0:00
| Justin Barron | Parker Wotherspoon | 1 | 2 | 2 | 60 | 0% | 0:00
|
| 2 | Adam Ruzicka | 1 | 2 | 2 | 40 | 0% | 0:00
| Declan Chisholm | Alex Petrovic | 1 | 2 | 2 | 40 | 0% | 0:00
|
| 4 vs 4 Forward |
|---|
| Line # | Center | Wing | PHY | DF | OF | Wanted % | Time % | Time Play |
| 1 | Dmitri Voronkov | Josh Leivo | 1 | 2 | 2 | 60 | 96% | 1:27
|
| 2 | Adam Ruzicka | Bobby McMann | 1 | 2 | 2 | 40 | 4% | 0:04
|
| 4 vs 4 Defense |
|---|
| Line # | Defense | | PHY | DF | OF | Wanted % | Time % | Time Play |
| 1 | Justin Barron | Parker Wotherspoon | 1 | 2 | 2 | 60 | 96% | 60% - 1:27
|
| 2 | Declan Chisholm | Alex Petrovic | 1 | 2 | 2 | 40 | 4% | 40% - 0:04
|
| Last Minutes Offensive |
|---|
| Left Wing | Center | Right Wing | Defense | Defense |
| Tye Kartye | Dmitri Voronkov | Bobby McMann | Justin Barron | Parker Wotherspoon |
| Last Minutes Defensive |
|---|
| Left Wing | Center | Right Wing | Defense | Defense |
| Axel Jonsson-Fjallby | Adam Ruzicka | Josh Leivo | Justin Barron | Parker Wotherspoon |
| Time |
|---|
| Total Forward | Total Defense | Last Minutes Offensive | Last Minutes Defensive |
| 60:00 |
60:00 |
0:00 | 0:00 |
| Extra Forwards |
|---|
| Normal | PowerPlay | Penalty Kill |
|
Bobby McMann, Axel Jonsson-Fjallby, Kole Lind | Bobby McMann, Axel Jonsson-Fjallby | Bobby McMann |
| Extra Defensemen |
|---|
| Normal | PowerPlay | Penalty Kill |
|
Alex Petrovic, Brandt Clarke, Adam Ginning | Alex Petrovic, Alex Petrovic | Brandt Clarke |
| Penalty Shots |
|---|
|
Dmitri Voronkov, Josh Leivo, Adam Ruzicka, Tye Kartye, Bobby McMann |
| Goalie |
|---|
| Ivan Prosvetov, Dustin Wolf |
| Scratches |
|---|
|
Brennan Othmann (Healthy), Carson Lambos (Healthy), Jake Wise (Healthy), Leo Loof (Healthy), Aidan Dudas (Healthy)
Zach Dean (Healthy), Billy Sweezey (Healthy), Dylan Blujus (Healthy), Jack Badini (Healthy), Max Gildon (Healthy)
Patrick Khodorenko (Healthy), Adam Brubacher (Healthy), Alex Kannok-Leipert (Healthy), Connor Corcoran (Healthy), Danila Klimovich (Healthy)
Josh Maniscalco (Healthy), Sam Houde (Healthy), Simon Johansson (Healthy), Zach Uens (Healthy), Antoine Bibeau (Healthy) |
Marlies
| 5 vs 5 Forward |
|---|
| Line # | Left Wing | Center | Right Wing | PHY | DF | OF | Wanted % | Time % | Time Play |
| 1 | Saku Maenalanen | Nikita Alexandrov | Martin Frk | 0 | 3 | 2 | 30 | 30% | 14:00
|
| 2 | Jake Lucchini | Jujhar Khaira | Patrick Brown | 0 | 3 | 2 | 28 | 29% | 13:34
|
| 3 | Greg McKegg | Dominic Toninato | Jonah Gadjovich | 0 | 3 | 2 | 23 | 22% | 10:39
|
| 4 | Brett Seney | Brad Richardson | Filip Cederqvist | 0 | 3 | 2 | 19 | 19% | 9:10
|
| 5 vs 5 Defense |
|---|
| Line # | Defense | Defense | | PHY | DF | OF | Wanted % | Time % | Time Play |
| 1 | Ronnie Attard | Alec Regula | | 1 | 3 | 1 | 36 | 37% | 17:19
|
| 2 | Joseph Duszak | Dillon Heatherington | | 1 | 3 | 1 | 34 | 33% | 15:39
|
| 3 | Lassi Thomson | Tommy Miller | | 1 | 3 | 1 | 30 | 30% | 14:25
|
| 4 | Ronnie Attard | Alec Regula | | 1 | 2 | 2 | 0 | 0% | 0:00
|
| Power Play Forward |
|---|
| Line # | Left Wing | Center | Right Wing | PHY | DF | OF | Wanted % | Time % | Time Play |
| 1 | Saku Maenalanen | Nikita Alexandrov | Jonah Gadjovich | 1 | 1 | 3 | 60 | 59% | 2:37
|
| 2 | Jake Lucchini | Jujhar Khaira | Patrick Brown | 1 | 1 | 3 | 40 | 41% | 1:49
|
| Power Play Defense |
|---|
| Line # | Defense | Defense | | PHY | DF | OF | Wanted % | Time % | Time Play |
| 1 | Ronnie Attard | Joseph Duszak | | 1 | 2 | 2 | 60 | 67% | 2:59
|
| 2 | Alec Regula | Lassi Thomson | | 1 | 2 | 2 | 40 | 33% | 1:27
|
| Penalty Kill 4 Players Forward |
|---|
| Line # | Center | Wing | PHY | DF | OF | Wanted % | Time % | Time Play |
| 1 | Brad Richardson | Saku Maenalanen | 0 | 3 | 2 | 60 | 76% | 5:04
|
| 2 | Dominic Toninato | Greg McKegg | 1 | 3 | 1 | 40 | 24% | 1:36
|
| Penalty Kill 4 Players Defense |
|---|
| Line # | Defense | Defense | PHY | DF | OF | Wanted % | Time % | Time Play |
| 1 | Ronnie Attard | Alec Regula | 0 | 4 | 1 | 60 | 57% | 3:49
|
| 2 | Tommy Miller | Dillon Heatherington | 0 | 4 | 1 | 40 | 43% | 2:51
|
| Penalty Kill 3 Players |
|---|
| Line # | Wing | PHY | DF | OF | Wanted % | Time % | Time Play | Defense | Defense | PHY | DF | OF | Wanted % | Time % | Time Play |
| 1 | Nikita Alexandrov | 0 | 4 | 1 | 60 | 0% | 0:00
| Ronnie Attard | Alec Regula | 0 | 5 | 0 | 60 | 0% | 0:00
|
| 2 | Brad Richardson | 0 | 4 | 1 | 40 | 0% | 0:00
| Tommy Miller | Dillon Heatherington | 0 | 5 | 0 | 40 | 0% | 0:00
|
| 4 vs 4 Forward |
|---|
| Line # | Center | Wing | PHY | DF | OF | Wanted % | Time % | Time Play |
| 1 | Nikita Alexandrov | Jonah Gadjovich | 1 | 2 | 2 | 60 | 85% | 1:17
|
| 2 | Dominic Toninato | Greg McKegg | 1 | 2 | 2 | 40 | 15% | 0:14
|
| 4 vs 4 Defense |
|---|
| Line # | Defense | | PHY | DF | OF | Wanted % | Time % | Time Play |
| 1 | Ronnie Attard | Alec Regula | 1 | 2 | 2 | 60 | 62% | 60% - 0:56
|
| 2 | Joseph Duszak | Dillon Heatherington | 1 | 2 | 2 | 40 | 38% | 40% - 0:35
|
| Last Minutes Offensive |
|---|
| Left Wing | Center | Right Wing | Defense | Defense |
| Saku Maenalanen | Nikita Alexandrov | Jonah Gadjovich | Ronnie Attard | Joseph Duszak |
| Last Minutes Defensive |
|---|
| Left Wing | Center | Right Wing | Defense | Defense |
| Jake Lucchini | Jujhar Khaira | Saku Maenalanen | Ronnie Attard | Alec Regula |
| Time |
|---|
| Total Forward | Total Defense | Last Minutes Offensive | Last Minutes Defensive |
| 60:00 |
60:00 |
0:00 | 0:00 |
| Extra Forwards |
|---|
| Normal | PowerPlay | Penalty Kill |
|
Nikita Alexandrov, Jonah Gadjovich, Saku Maenalanen | Nikita Alexandrov, Saku Maenalanen | Saku Maenalanen |
| Extra Defensemen |
|---|
| Normal | PowerPlay | Penalty Kill |
|
Alec Regula, Ronnie Attard, Dillon Heatherington | Ronnie Attard, Ronnie Attard | Alec Regula |
| Penalty Shots |
|---|
|
Nikita Alexandrov, Jonah Gadjovich, Jake Lucchini, Saku Maenalanen, Martin Frk |
| Goalie |
|---|
| Arturs Silovs, Jiri Patera |
| Scratches |
|---|
|
C.J. Smith (Healthy), Andy Welinski (Healthy), Carsen Twarynski (Healthy), Jermaine Loewen (Healthy), William Wallinder (Healthy)
Brett Sutter (Healthy), Michael Vukojevic (Healthy), Ryan Merkley (Healthy), Nick Albano (Healthy), Sean Josling (Healthy)
Jaydon Dureau (Healthy), Nolan Yaremko (Healthy), Ty Glover (Healthy), Tyson Feist (Healthy), Ville Koivunen (Healthy)
Ales Stezka (Healthy), Magnus Chrona (Healthy), Joel Blomqvist (Healthy), Victor Brattstrom (Healthy) |
Play-by-Play
1st period
0:01 of 1st period - Nikita Alexandrov wins face-off versus Adam Ruzicka in neutral zone.
0:51 of 1st period - Slapshot by Parker Wotherspoon.
0:51 of 1st period - Stopped by Arturs Silovs without a rebound.
0:52 of 1st period - Raphael Lavoie wins face-off versus Dominic Toninato in Marlies zone.
1:16 of 1st period - Raphael Lavoie is hit by Greg McKegg and loses puck.
1:29 of 1st period - Snap shot by Greg McKegg.
1:29 of 1st period - Stopped by Ivan Prosvetov without a rebound.
1:30 of 1st period - Brad Richardson wins face-off versus Tye Kartye in Admirals zone.
2:19 of 1st period - Jujhar Khaira is hit by Kole Lind and loses puck.
2:41 of 1st period - Snap shot by Jonah Gadjovich.
2:41 of 1st period - Stopped by Ivan Prosvetov with a rebound.
2:43 of 1st period - Slapshot by Alec Regula.
2:43 of 1st period - Shot Misses the Net.
2:53 of 1st period - Axel Jonsson-Fjallby is hit by Saku Maenalanen and loses puck.
6:10 of 1st period - Snap shot by Jonah Gadjovich.
6:10 of 1st period - Deflect By Dominic Toninato.
6:10 of 1st period - Shot Blocked by Brandt Clarke.
6:10 of 1st period - Puck is out of play.
6:11 of 1st period - Dominic Toninato wins face-off versus Dmitri Voronkov in Admirals zone.
6:14 of 1st period - Wrist shot by Jonah Gadjovich.
6:14 of 1st period - Stopped by Ivan Prosvetov without a rebound.
6:15 of 1st period - Dmitri Voronkov wins face-off versus Jujhar Khaira in Admirals zone.
6:15 of 1st period - Dmitri Voronkov is hit by Jake Lucchini.
6:48 of 1st period - Snap shot by Raphael Lavoie.
6:48 of 1st period - Shot Misses the Net.
6:50 of 1st period - Slapshot by Kole Lind.
6:50 of 1st period - Stopped by Arturs Silovs with a rebound.
6:52 of 1st period - Slapshot by Adam Ginning.
6:52 of 1st period - Shot Misses the Net.
6:54 of 1st period - Slapshot by Brandt Clarke.
6:54 of 1st period - Stopped by Arturs Silovs without a rebound.
6:55 of 1st period - Nikita Alexandrov wins face-off versus Kole Lind in Marlies zone.
7:16 of 1st period - Minor Penalty to Martin Frk for Holding.
7:17 of 1st period - Dmitri Voronkov wins face-off versus Brad Richardson in Marlies zone.
7:24 of 1st period - Snap shot by Dmitri Voronkov.
7:24 of 1st period - Stopped by Arturs Silovs with a rebound.
7:26 of 1st period - Snap shot by Dmitri Voronkov.
7:26 of 1st period - Shot Misses the Net.
7:28 of 1st period - Slapshot by Bobby McMann.
7:28 of 1st period - Stopped by Arturs Silovs with a rebound.
7:30 of 1st period - Wrist shot by Dmitri Voronkov.
7:30 of 1st period - Admirals goal is going for a video replay.
7:30 of 1st period - The goal is good.
7:30 of 1st period - Goal by Dmitri Voronkov - Admirals : 1 - Marlies : 0.
7:31 of 1st period - Adam Ruzicka wins face-off versus Jujhar Khaira in neutral zone.
7:44 of 1st period - Snap shot by Dmitri Voronkov.
7:44 of 1st period - Stopped by Arturs Silovs with a rebound.
7:46 of 1st period - Snap shot by Josh Leivo.
7:46 of 1st period - Goal by Josh Leivo - Admirals : 2 - Marlies : 0.
7:47 of 1st period - Jujhar Khaira wins face-off versus Adam Ruzicka in neutral zone.
7:50 of 1st period - Dmitri Voronkov is hit by Patrick Brown and loses puck.
8:13 of 1st period - Dillon Heatherington is hit by Tye Kartye and loses puck.
10:06 of 1st period - Tye Kartye is hit by Jujhar Khaira.
10:16 of 1st period - Ronnie Attard is hit by Dmitri Voronkov and loses puck.
11:12 of 1st period - Snap shot by Patrick Brown.
11:12 of 1st period - Stopped by Ivan Prosvetov with a rebound.
12:26 of 1st period - Bobby McMann is hit by Ronnie Attard.
12:46 of 1st period - Raphael Lavoie is hit by Joseph Duszak and loses puck.
13:26 of 1st period - Ronnie Attard is hit by Bobby McMann and loses puck.
13:59 of 1st period - Vasily Podkolzin is hit by Dillon Heatherington and loses puck.
14:06 of 1st period - Wrist shot by Jake Lucchini.
14:06 of 1st period - Shot Blocked by Raphael Lavoie.
14:08 of 1st period - Snap shot by Patrick Brown.
14:08 of 1st period - Stopped by Ivan Prosvetov without a rebound.
14:09 of 1st period - Nikita Alexandrov wins face-off versus Dmitri Voronkov in Admirals zone.
14:36 of 1st period - Snap shot by Jake Lucchini.
14:36 of 1st period - Stopped by Ivan Prosvetov with a rebound.
15:26 of 1st period - Declan Chisholm is hit by Jonah Gadjovich and loses puck.
15:35 of 1st period - Snap shot by Jonah Gadjovich.
15:35 of 1st period - Deflect By Dominic Toninato.
15:35 of 1st period - Shot Misses the Net.
15:35 of 1st period - Puck is out of play.
15:36 of 1st period - Jujhar Khaira wins face-off versus Tye Kartye in Admirals zone.
15:39 of 1st period - Snap shot by Jake Lucchini.
15:39 of 1st period - Stopped by Ivan Prosvetov without a rebound.
15:40 of 1st period - Tye Kartye wins face-off versus Jujhar Khaira in Admirals zone.
16:11 of 1st period - Snap shot by Dmitri Voronkov.
16:11 of 1st period - Stopped by Arturs Silovs without a rebound.
16:12 of 1st period - Nikita Alexandrov wins face-off versus Adam Ruzicka in Marlies zone.
16:19 of 1st period - Snap shot by Saku Maenalanen.
16:19 of 1st period - Stopped by Ivan Prosvetov without a rebound.
16:20 of 1st period - Nikita Alexandrov wins face-off versus Tye Kartye in Admirals zone.
16:52 of 1st period - Snap shot by Vasily Podkolzin.
16:52 of 1st period - Stopped by Arturs Silovs with a rebound.
16:54 of 1st period - Snap shot by Raphael Lavoie.
16:54 of 1st period - Shot Blocked by Jonah Gadjovich.
16:56 of 1st period - Wrist shot by Raphael Lavoie.
16:56 of 1st period - Stopped by Arturs Silovs without a rebound.
16:57 of 1st period - Brad Richardson wins face-off versus Tye Kartye in Marlies zone.
17:17 of 1st period - Alec Regula is hit by Axel Jonsson-Fjallby and loses puck.
17:28 of 1st period - Wrist shot by Kole Lind.
17:28 of 1st period - Deflect By Vasily Podkolzin.
17:28 of 1st period - Shot Misses the Net.
17:28 of 1st period - Puck is out of play.
17:29 of 1st period - Dominic Toninato wins face-off versus Raphael Lavoie in Marlies zone.
17:36 of 1st period - Snap shot by Dominic Toninato.
17:36 of 1st period - Deflect By Vasily Podkolzin.
17:36 of 1st period - Stopped by Ivan Prosvetov without a rebound.
17:37 of 1st period - Adam Ruzicka wins face-off versus Dominic Toninato in Admirals zone.
18:16 of 1st period - Snap shot by Adam Ruzicka.
18:16 of 1st period - Goal by Adam Ruzicka - Admirals : 3 - Marlies : 0.
18:17 of 1st period - Tye Kartye wins face-off versus Nikita Alexandrov in neutral zone.
18:20 of 1st period - Alec Regula is hit by Tye Kartye and loses puck.
18:43 of 1st period - Alec Regula is hit by Josh Leivo and loses puck.
19:25 of 1st period - Snap shot by Tye Kartye.
19:25 of 1st period - Shot Blocked by Jonah Gadjovich.
19:27 of 1st period - Wrist shot by Tye Kartye.
19:27 of 1st period - Stopped by Arturs Silovs with a rebound.
19:29 of 1st period - Slapshot by Declan Chisholm.
19:29 of 1st period - Shot Blocked by Joseph Duszak.
19:31 of 1st period - Backhand shot by Alex Petrovic.
19:31 of 1st period - Deflect By Joseph Duszak.
19:31 of 1st period - Stopped by Arturs Silovs with a rebound.
Goals for this period are 3 for Admirals vs 0 for Marlies.
Shots for this period are 14 for Admirals vs 9 for Marlies.
2nd period
0:01 of 2nd period - Patrick Brown wins face-off versus Tye Kartye in neutral zone.
1:00 of 2nd period - Slapshot by Tye Kartye.
1:00 of 2nd period - Stopped by Arturs Silovs without a rebound.
1:01 of 2nd period - Adam Ruzicka wins face-off versus Jujhar Khaira in Marlies zone.
1:04 of 2nd period - Slapshot by Adam Ruzicka.
1:04 of 2nd period - Stopped by Arturs Silovs with a rebound.
1:06 of 2nd period - Slapshot by Alex Petrovic.
1:06 of 2nd period - Stopped by Arturs Silovs with a rebound.
1:08 of 2nd period - Slapshot by Declan Chisholm.
1:08 of 2nd period - Stopped by Arturs Silovs with a rebound.
1:49 of 2nd period - Raphael Lavoie is hit by Joseph Duszak and loses puck.
1:54 of 2nd period - Wrist shot by Jonah Gadjovich.
1:54 of 2nd period - Stopped by Ivan Prosvetov with a rebound.
1:56 of 2nd period - Slapshot by Joseph Duszak.
1:56 of 2nd period - Shot Misses the Net.
2:15 of 2nd period - Slapshot by Vasily Podkolzin.
2:15 of 2nd period - Shot Misses the Net.
2:17 of 2nd period - Snap shot by Raphael Lavoie.
2:17 of 2nd period - Stopped by Arturs Silovs with a rebound.
3:18 of 2nd period - Wrist shot by Jonah Gadjovich.
3:18 of 2nd period - Stopped by Ivan Prosvetov without a rebound.
3:19 of 2nd period - Adam Ruzicka wins face-off versus Dominic Toninato in Admirals zone.
3:42 of 2nd period - Axel Jonsson-Fjallby is hit by Alec Regula and loses puck.
3:53 of 2nd period - Snap shot by Dominic Toninato.
3:53 of 2nd period - Stopped by Ivan Prosvetov without a rebound.
3:54 of 2nd period - Adam Ruzicka wins face-off versus Jake Lucchini in Admirals zone.
3:58 of 2nd period - Off-side.
3:59 of 2nd period - Adam Ruzicka wins face-off versus Jujhar Khaira in neutral zone.
4:07 of 2nd period - Snap shot by Dmitri Voronkov.
4:07 of 2nd period - Shot Misses the Net.
4:13 of 2nd period - Wrist shot by Josh Leivo.
4:13 of 2nd period - Shot Misses the Net.
4:33 of 2nd period - Snap shot by Axel Jonsson-Fjallby.
4:33 of 2nd period - Shot Misses the Net.
4:35 of 2nd period - Snap shot by Bobby McMann.
4:35 of 2nd period - Shot Misses the Net.
4:44 of 2nd period - Off-side.
4:45 of 2nd period - Brad Richardson wins face-off versus Kole Lind in neutral zone.
5:25 of 2nd period - Wrist shot by Brad Richardson.
5:25 of 2nd period - Stopped by Ivan Prosvetov without a rebound.
5:26 of 2nd period - Nikita Alexandrov wins face-off versus Tye Kartye in Admirals zone.
5:32 of 2nd period - Minor Penalty to Bobby McMann for Tripping.
5:33 of 2nd period - Dmitri Voronkov wins face-off versus Nikita Alexandrov in Admirals zone.
5:41 of 2nd period - Nikita Alexandrov is hit by Justin Barron and loses puck.
6:00 of 2nd period - Ronnie Attard is hit by Josh Leivo and loses puck.
7:17 of 2nd period - Alex Petrovic is hit by Joseph Duszak and loses puck.
7:32 of 2nd period - Penalty to Bobby McMann is over, Bobby McMann is back on ice.
8:00 of 2nd period - Greg McKegg is hit by Tye Kartye and loses puck.
9:35 of 2nd period - Josh Leivo is hit by Alec Regula and loses puck.
9:52 of 2nd period - Vasily Podkolzin is hit by Jonah Gadjovich and loses puck.
10:03 of 2nd period - Justin Barron is hit by Lassi Thomson and loses puck.
10:57 of 2nd period - Declan Chisholm is hit by Jake Lucchini and loses puck.
11:49 of 2nd period - Backhand shot by Patrick Brown.
11:49 of 2nd period - Stopped by Ivan Prosvetov with a rebound.
12:22 of 2nd period - Alec Regula is hit by Parker Wotherspoon and loses puck.
12:35 of 2nd period - Axel Jonsson-Fjallby is hit by Jonah Gadjovich and loses puck.
12:56 of 2nd period - Alec Regula is hit by Raphael Lavoie and loses puck.
13:52 of 2nd period - Lucas Johansen is hit by Dillon Heatherington and loses puck.
14:31 of 2nd period - Alex Petrovic is hit by Joseph Duszak and loses puck.
15:10 of 2nd period - Adam Ruzicka is hit by Martin Frk.
15:35 of 2nd period - Vasily Podkolzin is hit by Dominic Toninato and loses puck.
16:08 of 2nd period - Parker Wotherspoon is hit by Joseph Duszak and loses puck.
16:21 of 2nd period - Wrist shot by Nikita Alexandrov.
16:21 of 2nd period - Stopped by Ivan Prosvetov without a rebound.
16:22 of 2nd period - Tye Kartye wins face-off versus Nikita Alexandrov in Admirals zone.
16:38 of 2nd period - Icing by Saku Maenalanen.
16:39 of 2nd period - Patrick Brown wins face-off versus Adam Ruzicka in Marlies zone.
17:03 of 2nd period - Wrist shot by Dillon Heatherington.
17:03 of 2nd period - Deflect By Martin Frk.
17:03 of 2nd period - Stopped by Ivan Prosvetov with a rebound.
17:05 of 2nd period - Wrist shot by Nikita Alexandrov.
17:05 of 2nd period - Stopped by Ivan Prosvetov with a rebound.
17:15 of 2nd period - Dominic Toninato is hit by Tye Kartye and loses puck.
17:22 of 2nd period - Snap shot by Axel Jonsson-Fjallby.
17:22 of 2nd period - Stopped by Arturs Silovs without a rebound.
17:23 of 2nd period - Adam Ruzicka wins face-off versus Jujhar Khaira in Marlies zone.
17:24 of 2nd period - Snap shot by Dmitri Voronkov.
17:24 of 2nd period - Stopped by Arturs Silovs with a rebound.
17:36 of 2nd period - Snap shot by Adam Ruzicka.
17:36 of 2nd period - Stopped by Arturs Silovs with a rebound.
17:50 of 2nd period - Alex Petrovic is hit by Nikita Alexandrov and loses puck.
18:21 of 2nd period - Snap shot by Filip Cederqvist.
18:21 of 2nd period - Deflect By Brad Richardson.
18:21 of 2nd period - Shot Blocked by Raphael Lavoie.
18:21 of 2nd period - Puck is out of play.
18:22 of 2nd period - Jujhar Khaira wins face-off versus Adam Ruzicka in Admirals zone.
18:23 of 2nd period - Slapshot by Jake Lucchini.
18:23 of 2nd period - Deflect By Patrick Brown.
18:23 of 2nd period - Shot Misses the Net.
18:23 of 2nd period - Puck is out of play.
18:24 of 2nd period - Jujhar Khaira wins face-off versus Adam Ruzicka in Admirals zone.
18:27 of 2nd period - Slapshot by Jujhar Khaira.
18:27 of 2nd period - Stopped by Ivan Prosvetov with a rebound.
18:29 of 2nd period - Slapshot by Alec Regula.
18:29 of 2nd period - Shot Blocked by Adam Ruzicka.
18:54 of 2nd period - Bobby McMann is hit by Saku Maenalanen and loses puck.
19:13 of 2nd period - Wrist shot by Kole Lind.
19:13 of 2nd period - Shot Misses the Net.
19:15 of 2nd period - Slapshot by Brandt Clarke.
19:15 of 2nd period - Shot Blocked by Joseph Duszak.
19:17 of 2nd period - Wrist shot by Vasily Podkolzin.
19:17 of 2nd period - Stopped by Arturs Silovs with a rebound.
19:19 of 2nd period - Wrist shot by Raphael Lavoie.
19:19 of 2nd period - Stopped by Arturs Silovs without a rebound.
19:20 of 2nd period - Adam Ruzicka wins face-off versus Jujhar Khaira in Marlies zone.
19:23 of 2nd period - Wrist shot by Dmitri Voronkov.
19:23 of 2nd period - Stopped by Arturs Silovs without a rebound.
19:24 of 2nd period - Jujhar Khaira wins face-off versus Adam Ruzicka in Marlies zone.
19:24 of 2nd period - Jujhar Khaira is hit by Parker Wotherspoon.
Goals for this period are 0 for Admirals vs 0 for Marlies.
Shots for this period are 11 for Admirals vs 9 for Marlies.
3rd period
0:01 of 3rd period - Tye Kartye wins face-off versus Nikita Alexandrov in neutral zone.
0:10 of 3rd period - Snap shot by Axel Jonsson-Fjallby.
0:10 of 3rd period - Shot Misses the Net.
0:30 of 3rd period - Off-side.
0:31 of 3rd period - Patrick Brown wins face-off versus Dmitri Voronkov in neutral zone.
0:50 of 3rd period - Snap shot by Declan Chisholm.
0:50 of 3rd period - Stopped by Arturs Silovs without a rebound.
0:51 of 3rd period - Nikita Alexandrov wins face-off versus Tye Kartye in Marlies zone.
0:58 of 3rd period - Slapshot by Tye Kartye.
0:58 of 3rd period - Stopped by Arturs Silovs with a rebound.
1:00 of 3rd period - Wrist shot by Axel Jonsson-Fjallby.
1:00 of 3rd period - Shot Misses the Net.
1:02 of 3rd period - Snap shot by Justin Barron.
1:02 of 3rd period - Shot Misses the Net.
1:04 of 3rd period - Wrist shot by Axel Jonsson-Fjallby.
1:04 of 3rd period - Goal by Axel Jonsson-Fjallby - Admirals : 4 - Marlies : 0.
1:05 of 3rd period - Nikita Alexandrov wins face-off versus Dmitri Voronkov in neutral zone.
1:07 of 3rd period - Minor Penalty to Martin Frk for Slashing.
1:08 of 3rd period - Brad Richardson wins face-off versus Dmitri Voronkov in Marlies zone.
1:50 of 3rd period - Wrist shot by Axel Jonsson-Fjallby.
1:50 of 3rd period - Shot Misses the Net.
2:47 of 3rd period - Alec Regula is hit by Adam Ruzicka and loses puck.
3:07 of 3rd period - Penalty to Martin Frk is over, Martin Frk is back on ice.
3:33 of 3rd period - Icing by Tommy Miller.
3:34 of 3rd period - Patrick Brown wins face-off versus Raphael Lavoie in Marlies zone.
3:39 of 3rd period - Slapshot by Tommy Miller.
3:39 of 3rd period - Deflect By Kole Lind.
3:39 of 3rd period - Stopped by Ivan Prosvetov with a rebound.
3:41 of 3rd period - Snap shot by Tommy Miller.
3:41 of 3rd period - Stopped by Ivan Prosvetov with a rebound.
3:43 of 3rd period - Slapshot by Jonah Gadjovich.
3:43 of 3rd period - Shot Misses the Net.
3:45 of 3rd period - Slapshot by Dillon Heatherington.
3:45 of 3rd period - Stopped by Ivan Prosvetov without a rebound.
3:46 of 3rd period - Nikita Alexandrov wins face-off versus Tye Kartye in Admirals zone.
3:53 of 3rd period - Slapshot by Bobby McMann.
3:53 of 3rd period - Deflect By Axel Jonsson-Fjallby.
3:53 of 3rd period - Shot Blocked by Saku Maenalanen.
3:53 of 3rd period - Puck is out of play.
3:54 of 3rd period - Nikita Alexandrov wins face-off versus Tye Kartye in Marlies zone.
4:49 of 3rd period - Slapshot by Dmitri Voronkov.
4:49 of 3rd period - Shot Blocked by Alec Regula.
4:51 of 3rd period - Wrist shot by Dmitri Voronkov.
4:51 of 3rd period - Shot Misses the Net.
5:00 of 3rd period - Off-side.
5:01 of 3rd period - Tye Kartye wins face-off versus Dominic Toninato in neutral zone.
5:22 of 3rd period - Minor Penalty to Adam Ginning for Close Hand On Puck.
5:23 of 3rd period - Dmitri Voronkov wins face-off versus Nikita Alexandrov in Admirals zone.
5:50 of 3rd period - Minor Penalty to Jujhar Khaira for Tripping.
5:51 of 3rd period - Dmitri Voronkov wins face-off versus Nikita Alexandrov in Marlies zone.
6:06 of 3rd period - Snap shot by Jonah Gadjovich.
6:06 of 3rd period - Stopped by Ivan Prosvetov with a rebound.
6:12 of 3rd period - Jonah Gadjovich is hit by Parker Wotherspoon and loses puck.
6:29 of 3rd period - Wrist shot by Bobby McMann.
6:29 of 3rd period - Stopped by Arturs Silovs with a rebound.
6:31 of 3rd period - Slapshot by Justin Barron.
6:31 of 3rd period - Shot Misses the Net.
6:33 of 3rd period - Snap shot by Axel Jonsson-Fjallby.
6:33 of 3rd period - Shot Blocked by Dillon Heatherington.
6:35 of 3rd period - Wrist shot by Axel Jonsson-Fjallby.
6:35 of 3rd period - Shot Misses the Net.
6:37 of 3rd period - Wrist shot by Bobby McMann.
6:37 of 3rd period - Goal by Bobby McMann - Admirals : 5 - Marlies : 0.
6:38 of 3rd period - Dmitri Voronkov wins face-off versus Nikita Alexandrov in neutral zone.
6:53 of 3rd period - Wrist shot by Ronnie Attard.
6:53 of 3rd period - Shot Blocked by Parker Wotherspoon.
7:11 of 3rd period - Justin Barron is hit by Dillon Heatherington and loses puck.
7:22 of 3rd period - Penalty to Adam Ginning is over, Adam Ginning is back on ice.
7:32 of 3rd period - Declan Chisholm is hit by Brad Richardson and loses puck.
7:50 of 3rd period - Penalty to Jujhar Khaira is over, Jujhar Khaira is back on ice.
8:11 of 3rd period - Snap shot by Jujhar Khaira.
8:11 of 3rd period - Goal by Jujhar Khaira - Admirals : 5 - Marlies : 1.
8:12 of 3rd period - Jujhar Khaira wins face-off versus Adam Ruzicka in neutral zone.
9:13 of 3rd period - Icing by Saku Maenalanen.
9:14 of 3rd period - Adam Ruzicka wins face-off versus Nikita Alexandrov in Marlies zone.
9:15 of 3rd period - Slapshot by Dmitri Voronkov.
9:15 of 3rd period - Stopped by Arturs Silovs without a rebound.
9:16 of 3rd period - Dmitri Voronkov wins face-off versus Jujhar Khaira in Marlies zone.
9:22 of 3rd period - Minor Penalty to Brandt Clarke for Tripping.
9:23 of 3rd period - Nikita Alexandrov wins face-off versus Dmitri Voronkov in Admirals zone.
9:27 of 3rd period - Wrist shot by Saku Maenalanen.
9:27 of 3rd period - Deflect By Nikita Alexandrov.
9:27 of 3rd period - Stopped by Ivan Prosvetov without a rebound.
9:28 of 3rd period - Dmitri Voronkov wins face-off versus Nikita Alexandrov in Admirals zone.
9:53 of 3rd period - Dmitri Voronkov is hit by Joseph Duszak and loses puck.
10:14 of 3rd period - Slapshot by Nikita Alexandrov.
10:14 of 3rd period - Deflect By Saku Maenalanen.
10:14 of 3rd period - Shot Misses the Net.
10:14 of 3rd period - Puck is out of play.
10:15 of 3rd period - Dmitri Voronkov wins face-off versus Jujhar Khaira in Admirals zone.
11:22 of 3rd period - Penalty to Brandt Clarke is over, Brandt Clarke is back on ice.
11:30 of 3rd period - Brad Richardson is hit by Kole Lind and loses puck.
11:41 of 3rd period - Slapshot by Brad Richardson.
11:41 of 3rd period - Stopped by Ivan Prosvetov with a rebound.
12:00 of 3rd period - Icing by Joseph Duszak.
12:01 of 3rd period - Jonah Gadjovich wins face-off versus Raphael Lavoie in Marlies zone.
12:08 of 3rd period - Snap shot by Brett Seney.
12:08 of 3rd period - Shot Misses the Net.
12:28 of 3rd period - Slapshot by Josh Leivo.
12:28 of 3rd period - Shot Blocked by Patrick Brown.
13:22 of 3rd period - Snap shot by Kole Lind.
13:22 of 3rd period - Shot Blocked by Brad Richardson.
13:34 of 3rd period - Wrist shot by Greg McKegg.
13:34 of 3rd period - Stopped by Ivan Prosvetov without a rebound.
13:35 of 3rd period - Dominic Toninato wins face-off versus Josh Leivo in Admirals zone.
13:42 of 3rd period - Snap shot by Dominic Toninato.
13:42 of 3rd period - Shot Blocked by Adam Ruzicka.
13:44 of 3rd period - Slapshot by Ronnie Attard.
13:44 of 3rd period - Shot Misses the Net.
13:58 of 3rd period - Parker Wotherspoon is hit by Jujhar Khaira and loses puck.
14:10 of 3rd period - Icing by Jujhar Khaira.
14:11 of 3rd period - Jujhar Khaira wins face-off versus Tye Kartye in Marlies zone.
14:36 of 3rd period - Patrick Brown is hit by Vasily Podkolzin and loses puck.
14:45 of 3rd period - Wrist shot by Raphael Lavoie.
14:45 of 3rd period - Stopped by Arturs Silovs without a rebound.
14:45 of 3rd period - Double Minor Penalty to Arturs Silovs for Slashing.
14:46 of 3rd period - Dmitri Voronkov wins face-off versus Brad Richardson in Marlies zone.
16:45 of 3rd period - Axel Jonsson-Fjallby is hit by Dillon Heatherington and loses puck.
16:50 of 3rd period - Snap shot by Dominic Toninato.
16:50 of 3rd period - Shot Misses the Net.
17:18 of 3rd period - Lassi Thomson is hit by Vasily Podkolzin and loses puck.
18:24 of 3rd period - Josh Leivo is hit by Brad Richardson and loses puck.
18:45 of 3rd period - Penalty to Jake Lucchini is over, Jake Lucchini is back on ice.
18:59 of 3rd period - Snap shot by Jake Lucchini.
18:59 of 3rd period - Shot Misses the Net.
19:05 of 3rd period - Slapshot by Patrick Brown.
19:05 of 3rd period - Shot Blocked by Adam Ginning.
19:21 of 3rd period - Adam Ginning is hit by Ronnie Attard and loses puck.
19:34 of 3rd period - Dmitri Voronkov is hit by Patrick Brown and loses puck.
19:47 of 3rd period - Jujhar Khaira is hit by Josh Leivo and loses puck.
Goals for this period are 2 for Admirals vs 1 for Marlies.
Shots for this period are 7 for Admirals vs 8 for Marlies.